 Dungeon Crawl Stone Soup version 0.29-a0-241-g20d21d4356 (webtiles) character file.

Game seed: 4818729025238560859

7 Ordine the Cudgeller (level 2, -6/17 HPs)
             Began as a Tengu Warper on Mar 4, 2022.
             Mangled by a gnoll
             ... wielding a +0 flail
              (7 damage)
             ... on level 1 of the Dungeon.
             The game lasted 00:00:43 (262 turns).

Ordine the Cudgeller (Tengu Warper)                  Turns: 262, Time: 00:00:44

Health: -6/17      AC:  3    Str:  9    XL:     2   Next: 4%
Magic:  5/5        EV: 12    Int: 13    God:
Gold:   0          SH:  0    Dex: 15    Spells: 5/5 levels left

rFire   . . .      SeeInvis .   a - +0 mace
rCold   . . .      Faith    .   (no shield)
rNeg    . . .      Spirit   .   b - +0 leather armour
rPois   .          Reflect  .   (helmet restricted)
rElec   .          Harm     .   (no cloak)
rCorr   .          Rampage  .   (no gloves)
Will    .....                   (boots unavailable)
Stlth   +.........              (no amulet)
HPRegen 0.05/turn               (no ring)
MPRegen 0.09/turn               (no ring)

@: no status effects
A: beak, talons 3, claws 1, agile 1, low MP 1, weak 1
a: no special abilities


You were on level 1 of the Dungeon.
You visited 1 branch of the dungeon, and saw 1 of its levels.

Inventory:

Hand Weapons
 a - a +0 mace (weapon)
Missiles
 d - 5 boomerangs of dispersal
Armour
 b - a +0 leather armour (worn)
Jewellery
 f - a ring of poison resistance
Scrolls
 c - a scroll of blinking
 e - 3 scrolls of teleportation {unknown}


   Skills:
 + Level 2.1 Fighting
 * Level 2.6 Maces & Flails
 + Level 1.2 Throwing
 - Level 1.1 Armour
 - Level 2.1 Dodging
 - Level 2.0 Spellcasting
 - Level 2.4 Translocations


You had 5 spell levels left.
You didn't know any spells.
Your spell library contained the following spells:

 Spells                   Type           Power      Damage    Failure   Level
 Blink                    Tloc           14%        N/A       21%         2
 Gell's Gravitas          Tloc           7%         N/A       36%         3
 Lesser Beckoning         Tloc           7%         N/A       36%         3
 Teleport Other           Tloc           7%         N/A       36%         3
 Manifold Assault         Tloc           7%         N/A       98%         5


Dungeon Overview and Level Annotations

Branches:
Dungeon (1/15)

Altars:


Innate Abilities, Weirdness & Mutations

You have a beak for a mouth.
You have claws for feet.
You have sharp fingernails.
You are agile. (Dex +2)
Your magical capacity is low. (-10% MP)
You are weak. (Str -2)


Message History

You hit the kobold but do no damage. You claw the kobold.
Your peck misses the kobold.
The kobold is heavily wounded.
The kobold hits you but does no damage.
You hit the kobold.
You kill the kobold!
You hit the endoplasm but do no damage. You claw the endoplasm.
You kill the endoplasm!
You have reached level 2!
Things that are here:
a +0 dagger; 2 stones
f - a ring of poison resistance
g - a bubbling emerald potion A kobold comes into view.
It is wielding a +0 club.
A gnoll comes into view. It is wielding a +0 flail.
The gnoll shouts!
A rat comes into view.
The gnoll barely misses you.
You closely miss the gnoll. Your kick misses the gnoll.
The gnoll hits you with a +0 flail.
You hit the gnoll.
The gnoll is lightly wounded.
The gnoll hits you with a +0 flail. The kobold hits you but does no damage.
You closely miss the gnoll. Your kick misses the gnoll.
The gnoll is lightly wounded.
The gnoll hits you with a +0 flail. The kobold misses you.
The gnoll hits you but does no damage.
You hit the gnoll. You claw the gnoll.
The gnoll is almost dead.
The kobold hits you with a +0 club.
* * * LOW HITPOINT WARNING * * *
The rat bites you.
* * * LOW HITPOINT WARNING * * *
The gnoll completely misses you. The kobold hits you with a +0 club.
* * * LOW HITPOINT WARNING * * *
It was a potion of mutation.
You feel extremely strange.
You feel less energetic.
You feel weaker.
You feel agile.
Your fingernails lengthen.
The rat bites you but does no damage. The gnoll hits you with a +0 flail!
You die...

#.# .. #.# ...
#.# ..... #.#
######..... #.#
#.......... #.#
#.#... ....
#.####.#.##.....
#.......Kr..#
######.#@##.#
#.#g# #.#..
#.#### #.# ...
#.#


You could see a gnoll, a kobold and a rat.

Vanquished Creatures
  2 endoplasms (D:1)
  A giant cockroach (D:1)
  2 kobolds (D:1)
  A ball python (D:1)
6 creatures vanquished.

Notes
Turn   | Place    | Note
-------+----------+-------------------------------------------
     0 | D:1      | Ordine the Tengu Warper began the quest for the Orb.
     0 | D:1      | Reached XP level 1. HP: 12/12 MP: 4/4
   207 | D:1      | Reached XP level 2. HP: 17/17 MP: 6/6
   262 | D:1      | Gained mutation: Your magical capacity is low. (-10% MP)
                  | [potion of mutation]
   262 | D:1      | Gained mutation: You are weak. (Str -2) [potion of
                  | mutation]
   262 | D:1      | Gained mutation: You are agile. (Dex +2) [potion of
                  | mutation]
   262 | D:1      | Gained mutation: You have sharp fingernails. [potion of
                  | mutation]
   262 | D:1      | Mangled by a gnoll

Illustrated notes

Levels and vault maps discovered:
D:1:      lightli_arrival_lavapool, layout_basic, serial_forest,
          infiniplex_forest_straight_3, infiniplex_forest_clump_medium,
          infiniplex_forest_straight_3, infiniplex_forest_zigzag_1,
          hellmonk_ecumenical_altar_watching_god

Action                   || total
-------------------------++-------
Melee: Mace              ||    16
       Kick              ||     5
       Peck              ||     3
  Use: Potion            ||     1
Armor: Leather armour    ||     7
Dodge: Dodged            ||     8

Table legend: (Time is in decaauts)
 A = Elapsed time spent in this place.
 B = Non-inter-level travel time spent in this place.
 C = Inter-level travel time spent in this place.
 D = Time resting spent in this place.
 E = Time spent auto-exploring this place.
 F = Levels seen in this place.
 G = Mean time per level.
                   A        B        C        D        E       F      G
               +--------+--------+--------+--------+--------+-----+--------+
         Total |    266 |    266 |      0 |      0 |    218 |   1 |  266.0 |
       Dungeon |    266 |    266 |      0 |      0 |    218 |   1 |  266.0 |
               +--------+--------+--------+--------+--------+-----+--------+

Top non-repeatable levels by time:
     D:1: 266 daAuts
